 Dungeon Crawl Stone Soup version 0.21.1-1-g345015f (webtiles) character file.

653 Fang the Chopper (level 7, -2/44 HPs)
             Began as a Gargoyle Berserker on May 23, 2018.
             Was a Priest of Trog.
             Killed from afar by an orc wizard (8 damage)
             ... with a puff of flame
             ... on level 4 of the Dungeon.
             The game lasted 00:04:38 (4150 turns).

Fang the Chopper (Gargoyle Berserker)               Turns: 4150, Time: 00:04:38

Health: -2/44      AC:  7    Str: 22    XL:     7   Next: 54%
Magic:  7/7        EV: 13    Int:  8    God:    Trog [***...]
Gold:   192        SH:  0    Dex:  9    Spells: 6/6 levels left

rFire    . . .     SeeInvis +   a - +2 hand axe
rCold    . . .     Gourm    .   (no shield)
rNeg     + . .     Faith    .   b - +0 animal skin
rPois    ∞         Spirit   .   (no helmet)
rElec    +         Reflect  .   (no cloak)
rCorr    .         Harm     .   (no gloves)
MR       .....                  (no boots)
Stlth    ++........             (no amulet)
HPRegen  0.14/turn              j - ring of see invisible
MPRegen  0.10/turn              (no ring)

@: no status effects
A: negative energy resistance 1, electricity resistance, unbreathing,
petrification resistance, rot immunity, AC +4
a: Berserk, Trog's Hand, Burn Spellbooks, Renounce Religion


You were on level 4 of the Dungeon.
You worshipped Trog.
Trog was most pleased with you.
You were near starving.

You visited 2 branches of the dungeon, and saw 7 of its levels.

You collected 192 gold pieces.

Inventory:

Hand Weapons
 a - a +2 hand axe (weapon)
Armour
 b - a +0 animal skin (worn)
Jewellery
 j - a ring of see invisible (left hand)
 n - the ring "Omojolo" {rC+ Stlth+, unknown}
   (You found it on level 5 of the Dungeon)

   [ring of stealth]

   It protects you from cold.
   It makes you more stealthy.
Scrolls
 d - 3 scrolls of remove curse
 f - 2 scrolls of magic mapping
 i - a scroll of teleportation
 o - a scroll of random uselessness {unknown}
Potions
 e - 2 potions of berserk rage
 g - a potion of lignification
 h - a potion of haste
 k - a potion of heal wounds
 l - 3 potions of curing
 m - a potion of agility
Comestibles
 c - 7 rations


   Skills:
 + Level 5.0 Fighting
 + Level 5.8 Axes
 + Level 2.3 Armour
 + Level 3.4 Dodging
 + Level 2.2 Stealth


You had 6 spell levels left.
You didn't know any spells.

Dungeon Overview and Level Annotations

Branches:
Dungeon (6/15)             Temple (1/1) D:5

Altars:
Ashenzari
Cheibriados
Dithmenos
Elyvilon
Fedhas
Gozag
Hepliaklqana
Kikubaaqudgha
Makhleb
Nemelex Xobeh
Okawaru
Qazlal
Ru
Sif Muna
Trog
Uskayaw
Vehumet
Wu Jian
Xom
Yredelemnul
Zin
The Shining One


Innate Abilities, Weirdness & Mutations

You are resistant to torment.
Your stone body is resilient. (AC +4)
You are immune to poison.
You resist negative energy. (rN+)
You are resistant to electric shocks. (rElec)
You can survive without breathing.
You are immune to petrification.
You are immune to rotting.


Message History

There are monsters nearby!
There are monsters nearby!
Found a runed dagger.
The orc priest calls down the wrath of Beogh upon you.
Beogh smites you!
The orc priest mumbles some strange prayers to Beogh against you.
Beogh smites you!
You hear a shout!
You are too injured to fight recklessly!
You are too injured to fight recklessly!
You're too hungry.
Unknown command.
An orc comes into view. It is wielding a whip.
The orc priest mumbles some strange prayers to Beogh against you.
Beogh smites you!
* * * LOW HITPOINT WARNING * * *
There is a stone staircase leading down here.
The orc wizard gestures at you while chanting.
The puff of flame hits you!
You die...

#.. #.##
#.. ...#
#..##...###
...).....##
...o.....#
#........
#.#.).##.#
##o#...o...
#.o@...#
#......#
#......#
#......#
#......#
##.###...
#.# .##.
#.. ..


You could see an orc priest, an orc wizard and 2 orcs.

Vanquished Creatures
  Menkaure (D:6)
  2 ogres (D:5)
  A howler monkey (D:5)
  A hound (D:5)
  An orc wizard (D:5)
  Natasha (thrice) (D:2)
  2 worker ants
  Robin (D:3)
  7 adders
  A shadow imp (D:5)
  An ooze (D:1)
  2 dart slugs (D:2)
  2 leopard geckos
  3 orcs (D:5)
  2 ball pythons
  6 giant cockroaches
  15 goblins
  8 hobgoblins
  4 jackals (D:5)
  6 kobolds
  2 quokkas (D:2)
  8 bats
  3 frilled lizards
  9 rats
91 creatures vanquished.

Notes
Turn   | Place    | Note
-------+----------+-------------------------------------------
     0 | D:1      | Fang the Gargoyle Berserker began the quest for the Orb.
     0 | D:1      | Reached XP level 1. HP: 14/14 MP: 1/1
   316 | D:1      | Reached XP level 2. HP: 15/19 MP: 2/2
   743 | D:1      | Reached XP level 3. HP: 21/23 MP: 3/3
   841 | D:2      | Noticed Natasha
   845 | D:2      | Killed Natasha
   976 | D:2      | Reached ** piety under Trog
  1090 | D:2      | Reached XP level 4. HP: 22/29 MP: 4/4
  1096 | D:2      | Reached skill level 1 in Stealth
  1196 | D:2      | Noticed Natasha
  1206 | D:2      | Killed Natasha
  1678 | D:2      | Found a basalt altar of Yredelemnul.
  1911 | D:2      | Noticed Natasha
  1919 | D:2      | Killed Natasha
  1919 | D:2      | Reached XP level 5. HP: 33/33 MP: 5/5
  2403 | D:3      | Noticed Robin
  2419 | D:3      | Killed Robin
  2596 | D:3      | You fall through a shaft for 3 floors!
  2610 | D:6      | Noticed Menkaure
  2639 | D:6      | HP: 2/51 [Menkaure (3)]
  2641 | D:6      | Killed Menkaure
  2641 | D:6      | Reached XP level 6. HP: 3/39 MP: 6/6
  3061 | D:5      | Entered Level 5 of the Dungeon
  3071 | D:5      | Reached *** piety under Trog
  3177 | D:5      | Reached skill level 5 in Axes
  3188 | D:5      | Reached XP level 7. HP: 44/44 MP: 7/7
  3265 | D:5      | Reached skill level 5 in Fighting
  3601 | D:5      | Found a staircase to the Ecumenical Temple.
  3617 | Temple   | Entered the Ecumenical Temple
  3961 | D:5      | Got an ancient amber ring
  4150 | D:4      | Killed from afar by an orc wizard

Skill      XL: |  1  2  3  4  5  6  7 |
---------------+----------------------+-----
Axes           | 3 4 5 |  5.8
Dodging        | 2 3 |  3.4
Stealth        | 1 2 |  2.2
Fighting       | 4 5 |  5.0
Armour         | |  2.3

Action                   |  1- 3 |  4- 6 |  7- 9 || total
-------------------------+-------+-------+-------++-------
Melee: Hand axe          |    93 |   150 |    36 ||   279
Invok: Berserk           |       |     5 |     1 ||     6
  Use: Scroll            |     3 |     9 |       ||    12
 Stab: Sleeping          |     1 |     1 |     1 ||     3
  Eat: Chunk             |       |    10 |     4 ||    14
Armor: Animal skin       |    40 |    45 |    13 ||    98
Dodge: Dodged            |    50 |   102 |    29 ||   181
